| TOP OF THE 1ST |
|
Colon Scallywags batting - Pitching for Fort de France Carnivals : RHP Jose Guzman
|
|
Pitching: RHP Jose Guzman
|
|
|
Batting: RHB Phil Bradley
|
0-0: Ball 1-0: Swinging Strike 1-1: Called Strike 1-2: Ball 2-2: Fly out, F3 (Flyball, 3D, EV 91.3 MPH)
|
|
Batting: RHB Marty G Barrett
|
0-0: Called Strike 0-1: Ball 1-1: Foul Ball, location: 2F 1-2: SINGLE (Line Drive, 9S, EV 106.9 MPH)
|
|
Batting: SHB Jordan Ayala
|
0-0: Ball 1-0: Foul Ball, location: 2F 1-1: Ball 2-1: Called Strike 2-2: Ball 3-2: Base on Balls Marty G Barrett to second
|
|
Batting: RHB Joe Carter
|
0-0: Swinging Strike 0-1: Foul Ball, location: 2F 0-2: Fly out, F8 (Flyball, 8RXD, EV 99.4 MPH) Runner from 2nd tags up, SAFE at 3rd, no throw by CF
|
|
Batting: LHB Sid Bream
|
0-0: Ball 1-0: Ground out U3 (Groundball, 34, EV 80.6 MPH)
|
| Top of the 1st over - 0 runs, 1 hit, 0 errors, 2 left on base; Colon 0 - Fort de France 0 |
| BOTTOM OF THE 1ST |
|
Fort de France Carnivals batting - Pitching for Colon Scallywags : RHP Mike Moore
|
|
Pitching: RHP Mike Moore
|
|
|
Batting: SHB Gary Pettis
|
0-0: Swinging Strike 0-1: Ball 1-1: Ball 2-1: Ball 3-1: Base on Balls
|
|
Batting: RHB Eddie Vargas
|
0-0: Ball Gary Pettis is caught stealing 2nd base 2-4 1-0: SINGLE (Groundball, 34D, EV 110.0 MPH)
|
|
Batting: RHB Ramiro Gutierrez
|
0-0: Ball 1-0: Ball 2-0: Called Strike 2-1: Called Strike 2-2: Strikes out swinging
|
|
Batting: LHB Omar Guerrero
|
0-0: Foul Ball, location: 2F 0-1: Fly out, F7 (Flyball, 7, EV 89.4 MPH)
|
| Bottom of the 1st over - 0 runs, 1 hit, 0 errors, 1 left on base; Colon 0 - Fort de France 0 |
| TOP OF THE 2ND |
|
Colon Scallywags batting - Pitching for Fort de France Carnivals : RHP Jose Guzman
|
|
Batting: SHB Johnny Ray
|
0-0: Called Strike 0-1: Foul Ball, location: 2F 0-2: Foul Ball, location: 2F 0-2: Ground out U3 (Groundball, 3L, EV 85.0 MPH)
|
|
Batting: RHB Gerry Davis
|
0-0: Foul Ball, location: 2F 0-1: Ball 1-1: Ball 2-1: Ball 3-1: Base on Balls
|
|
Batting: RHB Edwin Agudelo
|
0-0: Ball 1-0: SINGLE (Flyball, 7S, EV 91.3 MPH) Gerry Davis to second
|
|
Batting: RHB Alejandro Luna
|
0-0: Ball 1-0: Swinging Strike 1-1: Ball 2-1: Swinging Strike 2-2: Ball 3-2: Foul Ball, location: 2F 3-2: Fly out, F8 (Flyball, 8RD, EV 81.9 MPH) Runner from 2nd tags up, SAFE at 3rd with throw by CF
|
|
Batting: RHB Phil Bradley
|
0-0: Ground out 6-3 (Groundball, 6S, EV 71.3 MPH)
|
| Top of the 2nd over - 0 runs, 1 hit, 0 errors, 2 left on base; Colon 0 - Fort de France 0 |
| BOTTOM OF THE 2ND |
|
Fort de France Carnivals batting - Pitching for Colon Scallywags : RHP Mike Moore
|
|
Batting: RHB Dave Stenhouse
|
0-0: Called Strike 0-1: Called Strike 0-2: Foul Ball, location: 2F 0-2: Strikes out looking
|
|
Batting: LHB Steve Sbragia
|
0-0: Ball 1-0: Called Strike 1-1: Foul Ball, location: 2F 1-2: Strikes out swinging
|
|
Batting: LHB Robert Markham
|
0-0: Foul Ball, location: 2F 0-1: Ball 1-1: Foul Ball, location: 2F 1-2: Fly out, F9 (Flyball, 89D, EV 96.3 MPH)
|
| Bottom of the 2nd over - 0 runs, 0 hits, 0 errors, 0 left on base; Colon 0 - Fort de France 0 |
| TOP OF THE 3RD |
|
Colon Scallywags batting - Pitching for Fort de France Carnivals : RHP Jose Guzman
|
|
Batting: RHB Marty G Barrett
|
0-0: Swinging Strike 0-1: Foul Ball, location: 2F 0-2: Ball 1-2: Ground out 1-3 (Groundball, 13, EV 72.5 MPH)
|
|
Batting: SHB Jordan Ayala
|
0-0: Foul Ball, location: 2F 0-1: Ball 1-1: Ball 2-1: Swinging Strike 2-2: Fly out, F8 (Flyball, 8RM, EV 80.6 MPH)
|
|
Batting: RHB Joe Carter
|
0-0: Called Strike 0-1: Ball 1-1: Swinging Strike 1-2: Foul Ball, location: 2F 1-2: Ball 2-2: Ground out 6-3 (Groundball, 6, EV 86.3 MPH)
|
| Top of the 3rd over - 0 runs, 0 hits, 0 errors, 0 left on base; Colon 0 - Fort de France 0 |
| BOTTOM OF THE 3RD |
|
Fort de France Carnivals batting - Pitching for Colon Scallywags : RHP Mike Moore
|
|
Batting: RHB Julio Collazo
|
0-0: Swinging Strike 0-1: Called Strike 0-2: Strikes out swinging
|
|
Batting: RHB Mario Diaz
|
0-0: Ground out 6-3 (Groundball, 6, EV 103.1 MPH)
|
|
Batting: SHB Gary Pettis
|
0-0: Ball 1-0: Ball 2-0: Foul Ball, location: 2F 2-1: Ground out 6-3 (Groundball, 6M, EV 81.3 MPH)
|
| Bottom of the 3rd over - 0 runs, 0 hits, 0 errors, 0 left on base; Colon 0 - Fort de France 0 |
| TOP OF THE 4TH |
|
Colon Scallywags batting - Pitching for Fort de France Carnivals : RHP Jose Guzman
|
|
Batting: LHB Sid Bream
|
0-0: Called Strike 0-1: Fly out, F7 (Flyball, 7LS, EV 88.8 MPH)
|
|
Batting: SHB Johnny Ray
|
0-0: Swinging Strike 0-1: Called Strike 0-2: Foul Ball, location: 2F 0-2: Fly out, F9 (Flyball, 89M, EV 93.1 MPH)
|
|
Batting: RHB Gerry Davis
|
0-0: Ball 1-0: Ball 2-0: Ball 3-0: Called Strike 3-1: Swinging Strike 3-2: SINGLE (Groundball, 5S, EV 68.8 MPH) (infield hit)
|
|
Batting: RHB Edwin Agudelo
|
0-0: Called Strike 0-1: Ball 1-1: Ball 2-1: Foul Ball, location: 2F 2-2: Foul Ball, location: 2F 2-2: Foul Ball, location: 2F 2-2: Ball 3-2: SINGLE (Groundball, 4D, EV 96.9 MPH) Gerry Davis to second Gerry Davis to third
|
|
Batting: RHB Alejandro Luna
|
0-0: Ball 1-0: Called Strike 1-1: Ball 2-1: Ground out 4-3 (Groundball, 34, EV 80.6 MPH)
|
| Top of the 4th over - 0 runs, 2 hits, 0 errors, 2 left on base; Colon 0 - Fort de France 0 |
| BOTTOM OF THE 4TH |
|
Fort de France Carnivals batting - Pitching for Colon Scallywags : RHP Mike Moore
|
|
Batting: RHB Eddie Vargas
|
0-0: Ball 1-0: Ball 2-0: Ball 3-0: Fly out, F9 (Flyball, 89M, EV 76.9 MPH)
|
|
Batting: RHB Ramiro Gutierrez
|
0-0: Ball 1-0: Called Strike 1-1: Ball 2-1: Ball 3-1: Base on Balls
|
|
Batting: LHB Omar Guerrero
|
0-0: Called Strike 0-1: SINGLE (Groundball, 15S, EV 72.5 MPH) (infield hit) Ramiro Gutierrez to second
|
|
Batting: RHB Dave Stenhouse
|
0-0: Called Strike 0-1: Ball 1-1: Foul Ball, location: 2F 1-2: Foul Ball, location: 2F 1-2: Ball 2-2: Fly out, F3 (Line Drive, 3, EV 66.9 MPH)
|
|
Batting: LHB Steve Sbragia
|
0-0: Ball 1-0: Swinging Strike 1-1: Ball 2-1: Ball 3-1: Ground out U3 (Groundball, 34S, EV 90.6 MPH)
|
| Bottom of the 4th over - 0 runs, 1 hit, 0 errors, 2 left on base; Colon 0 - Fort de France 0 |
| TOP OF THE 5TH |
|
Colon Scallywags batting - Pitching for Fort de France Carnivals : RHP Jose Guzman
|
|
Batting: RHB Phil Bradley
|
0-0: Fly out, F9 (Flyball, 9LM, EV 91.3 MPH)
|
|
Batting: RHB Marty G Barrett
|
0-0: Ground out 4-3 (Groundball, 4, EV 80.6 MPH)
|
|
Batting: SHB Jordan Ayala
|
0-0: Ball 1-0: Ball 2-0: Called Strike 2-1: Ground out 1-3 (Groundball, 13S, EV 69.4 MPH)
|
| Top of the 5th over - 0 runs, 0 hits, 0 errors, 0 left on base; Colon 0 - Fort de France 0 |
| BOTTOM OF THE 5TH |
|
Fort de France Carnivals batting - Pitching for Colon Scallywags : RHP Mike Moore
|
|
Batting: LHB Robert Markham
|
0-0: Ball 1-0: Ball 2-0: Called Strike 2-1: Ball 3-1: Reached on error, E5 (Groundball, 56, EV 104.4 MPH)
|
|
Batting: RHB Julio Collazo
|
0-0: Ball 1-0: Fly out, F9 (Flyball, 9, EV 73.1 MPH)
|
|
Batting: RHB Mario Diaz
|
0-0: Ball 1-0: Called Strike 1-1: Ball 2-1: Ball 3-1: Foul Ball, location: 2F 3-2: Foul Ball, location: 2F 3-2: Fly out, F4 (Popup, 4S, EV 67.5 MPH)
|
|
Batting: SHB Gary Pettis
|
0-0: Ball 1-0: Reached on error, E4 (Groundball, 4D, EV 76.9 MPH) Robert Markham to second
|
|
Batting: RHB Eddie Vargas
|
0-0: Ball 1-0: Foul Ball, location: 2F 1-1: Called Strike 1-2: Fly out, F8 (Flyball, 89D, EV 83.1 MPH)
|
| Bottom of the 5th over - 0 runs, 0 hits, 2 errors, 2 left on base; Colon 0 - Fort de France 0 |
| TOP OF THE 6TH |
|
Colon Scallywags batting - Pitching for Fort de France Carnivals : RHP Jose Guzman
|
|
Batting: RHB Joe Carter
|
0-0: Ball 1-0: DOUBLE (Groundball, 5L, EV 95.0 MPH)
|
|
Batting: LHB Sid Bream
|
0-0: Called Strike 0-1: Ball 1-1: Reached on error, E6 (Groundball, 6, EV 81.3 MPH) Joe Carter to third
|
|
Batting: SHB Johnny Ray
|
0-0: Called Strike 0-1: Ball 1-1: TRIPLE (Line Drive, 89XD, EV 105.0 MPH) Joe Carter scores Sid Bream scores
|
|
Pitching: LHP John LoCascio
|
|
|
Batting: RHB Gerry Davis
|
0-0: Ball 1-0: Ball 2-0: Ball 3-0: Called Strike 3-1: Swinging Strike 3-2: Foul Ball, location: 2F 3-2: Foul Ball, location: 2F 3-2: Base on Balls
|
|
Batting: RHB Edwin Agudelo
|
0-0: Ball 1-0: Ball 2-0: Ball 3-0: Base on Balls Gerry Davis to second
|
|
Batting: RHB Alejandro Luna
|
0-0: SINGLE (Groundball, 56D, EV 106.3 MPH) Johnny Ray scores Gerry Davis to third Edwin Agudelo to second Runner from 3rd tries for Home, SAFE, throw by LF to home
|
|
Batting: RHB Phil Bradley
|
0-0: Foul Ball, location: 2F 0-1: Swinging Strike 0-2: Ball 1-2: Strikes out looking
|
|
Batting: RHB Marty G Barrett
|
0-0: Swinging Strike 0-1: Fly out, F9 (Flyball, 9LM, EV 88.1 MPH)
|
|
Batting: SHB Jordan Ayala
|
0-0: Ball 1-0: Ground out 4-3 (Groundball, 4, EV 102.5 MPH)
|
| Top of the 6th over - 4 runs, 3 hits, 1 error, 2 left on base; Colon 4 - Fort de France 0 |
| BOTTOM OF THE 6TH |
|
Fort de France Carnivals batting - Pitching for Colon Scallywags : RHP Mike Moore
|
|
Batting: RHB Ramiro Gutierrez
|
0-0: Swinging Strike 0-1: Fly out, F7 (Flyball, 7LD, EV 91.9 MPH)
|
|
Batting: LHB Omar Guerrero
|
0-0: Fly out, F6 (Line Drive, 6, EV 71.9 MPH)
|
|
Batting: RHB Dave Stenhouse
|
0-0: Swinging Strike 0-1: Swinging Strike 0-2: Ball 1-2: Ball 2-2: Strikes out looking
|
| Bottom of the 6th over - 0 runs, 0 hits, 0 errors, 0 left on base; Colon 4 - Fort de France 0 |
| TOP OF THE 7TH |
|
Colon Scallywags batting - Pitching for Fort de France Carnivals : LHP John LoCascio
|
|
Batting: RHB Joe Carter
|
0-0: Called Strike 0-1: Ball 1-1: Ball 2-1: DOUBLE (Line Drive, 7LM, EV 98.1 MPH)
|
|
Batting: LHB Sid Bream
|
0-0: Foul Ball, location: 2F 0-1: Foul Ball, location: 2F 0-2: TRIPLE (Line Drive, 9D, EV 113.1 MPH) Joe Carter scores
|
|
Batting: SHB Johnny Ray
|
0-0: Fly out, F8 (Flyball, 8LD, EV 93.1 MPH) Runner from 3rd tags up, SCORES, throw by CF
|
|
Batting: RHB Gerry Davis
|
0-0: Called Strike 0-1: Ball 1-1: Called Strike 1-2: Fly out, F8 (Flyball, 8LM, EV 70.6 MPH)
|
|
Batting: RHB Edwin Agudelo
|
0-0: Called Strike 0-1: Ball 1-1: Ball 2-1: Ball 3-1: Base on Balls
|
|
Batting: RHB Alejandro Luna
|
0-0: Swinging Strike 0-1: Swinging Strike 0-2: Ball 1-2: Ball 2-2: SINGLE (Line Drive, 89S, EV 107.5 MPH) Edwin Agudelo to second Runner from 2nd tries for 3rd, SAFE, no throw by CF
|
|
Pitching: RHP Jack G Hardy
|
|
|
Batting: RHB Phil Bradley
|
0-0: Fly out, F8 (Line Drive, 8RD, EV 89.4 MPH)
|
| Top of the 7th over - 2 runs, 3 hits, 0 errors, 2 left on base; Colon 6 - Fort de France 0 |
| BOTTOM OF THE 7TH |
|
Fort de France Carnivals batting - Pitching for Colon Scallywags : RHP Mike Moore
|
|
Batting: LHB Steve Sbragia
|
0-0: Ball 1-0: Called Strike 1-1: Foul Ball, location: 2F 1-2: Ground out 1-3 (Groundball, P, EV 72.5 MPH)
|
|
Batting: LHB Robert Markham
|
0-0: Foul Ball, location: 2F 0-1: Ball 1-1: Foul Ball, location: 2F 1-2: Reached via error on a dropped throw from 1B, E1 (Groundball, 34S, EV 84.4 MPH)
|
|
Batting: RHB Julio Collazo
|
0-0: Swinging Strike 0-1: Foul Ball, location: 2F 0-2: Foul Ball, location: 2F 0-2: Ball 1-2: Foul Ball, location: 2F 1-2: Ball Robert Markham is caught stealing 2nd base 2-4 2-2: Strikes out swinging
|
| Bottom of the 7th over - 0 runs, 0 hits, 1 error, 0 left on base; Colon 6 - Fort de France 0 |
| TOP OF THE 8TH |
|
Colon Scallywags batting - Pitching for Fort de France Carnivals : RHP Jack G Hardy
|
|
Batting: RHB Marty G Barrett
|
0-0: Called Strike 0-1: Fly out, F3 (Popup, 34, EV 73.1 MPH)
|
|
Batting: SHB Jordan Ayala
|
0-0: Ball 1-0: Called Strike 1-1: Ball 2-1: Ball 3-1: Called Strike 3-2: Base on Balls
|
|
Batting: RHB Joe Carter
|
0-0: Called Strike 0-1: Ball 1-1: Ball 2-1: Foul Ball, location: 2F 2-2: Foul Ball, location: 2F 2-2: Strikes out swinging
|
|
Batting: LHB Sid Bream
|
0-0: Called Strike 0-1: SINGLE (Groundball, 34D, EV 104.4 MPH) - runner OUT being hit by batted ball. (infield hit)
|
| Top of the 8th over - 0 runs, 1 hit, 0 errors, 1 left on base; Colon 6 - Fort de France 0 |
| BOTTOM OF THE 8TH |
|
Fort de France Carnivals batting - Pitching for Colon Scallywags : RHP Mike Moore
|
|
Batting: RHB Mario Diaz
|
0-0: Foul Ball, location: 2F 0-1: Swinging Strike 0-2: SINGLE (Line Drive, 56, EV 105.0 MPH)
|
|
Batting: SHB Gary Pettis
|
0-0: Ball 1-0: Fly out, F7 (Flyball, 7LM, EV 105.6 MPH)
|
|
Batting: RHB Eddie Vargas
|
0-0: Ball 1-0: Ball 2-0: Swinging Strike 2-1: Ball 3-1: Base on Balls Mario Diaz to second
|
|
Batting: RHB Ramiro Gutierrez
|
0-0: Fly out, F4 (Flyball, 4D, EV 83.8 MPH)
|
|
Batting: LHB Omar Guerrero
|
0-0: Foul Ball, location: 2F 0-1: Ball 1-1: Ball 2-1: Called Strike 2-2: Strikes out swinging
|
| Bottom of the 8th over - 0 runs, 1 hit, 0 errors, 2 left on base; Colon 6 - Fort de France 0 |
| TOP OF THE 9TH |
|
Colon Scallywags batting - Pitching for Fort de France Carnivals : RHP Jack G Hardy
|
|
Batting: SHB Johnny Ray
|
0-0: Ball 1-0: Ball 2-0: Swinging Strike 2-1: Swinging Strike 2-2: Strikes out swinging
|
|
Batting: RHB Gerry Davis
|
0-0: Foul Ball, location: 2F 0-1: Foul Ball, location: 2F 0-2: Ball 1-2: Ball 2-2: DOUBLE (Groundball, 5L, EV 101.3 MPH)
|
|
Batting: RHB Edwin Agudelo
|
0-0: SINGLE (Flyball, 7S, EV 96.9 MPH) Gerry Davis to third Runner from 3rd tries for Home, SAFE, throw by LF to home
|
|
Batting: RHB Alejandro Luna
|
0-0: Called Strike 0-1: Fly out, F9 (Line Drive, 9, EV 94.4 MPH)
|
|
Batting: RHB Phil Bradley
|
0-0: Called Strike 0-1: Ball 1-1: Swinging Strike 1-2: Strikes out swinging
|
| Top of the 9th over - 1 run, 2 hits, 0 errors, 1 left on base; Colon 7 - Fort de France 0 |
| BOTTOM OF THE 9TH |
|
Fort de France Carnivals batting - Pitching for Colon Scallywags : RHP Mike Moore
|
|
Batting: RHB Dave Stenhouse
|
0-0: Ground out 4-3 (Groundball, 4, EV 88.1 MPH)
|
|
Batting: LHB Steve Sbragia
|
0-0: Ball 1-0: Called Strike 1-1: Ball 2-1: TRIPLE (Flyball, 8RXD, EV 96.3 MPH)
|
|
Batting: LHB Robert Markham
|
0-0: Foul Ball, location: 2F 0-1: Called Strike 0-2: Strikes out swinging
|
|
Batting: RHB Julio Collazo
|
0-0: Foul Ball, location: 2F 0-1: Swinging Strike 0-2: Reached via error on a dropped throw from 1B, E1 (Groundball, 34, EV 76.9 MPH) Steve Sbragia scores
|
|
Batting: RHB Mario Diaz
|
0-0: Ball 1-0: Called Strike 1-1: Ball 2-1: SINGLE (Groundball, 34D, EV 105.0 MPH) (infield hit) Julio Collazo to second
|
|
Batting: SHB Gary Pettis
|
0-0: Fielders Choice at 2nd, 6-4 (Groundball, 6, EV 81.9 MPH)
|
| Bottom of the 9th over - 1 run, 2 hits, 1 error, 2 left on base; Colon 7 - Fort de France 1 |
|